 Dungeon Crawl Stone Soup version 0.31-a0-4-gefa6de2278 (webtiles) character file.

Game seed: 12808816757767447210

95 Zonian the Grave Robber (level 4, -7/24 HPs)
             Began as a Deep Elf Necromancer on May 5, 2023.
             Was an Initiate of Ashenzari.
             Killed by an exploding Grinder (13 damage)
             ... ignited by their inner flame
             ... on level 3 of the Dungeon.
             The game lasted 00:09:58 (2398 turns).

Zonian the Grave Robber (Deep Elf Necromancer)      Turns: 2398, Time: 00:09:59

Health: -7/24      AC:  3    Str:  5    XL:     4   Next: 39%
Magic:  12/12      EV: 12    Int: 22    God:    Ashenzari [......]
Gold:   144        SH:  0    Dex: 15    Spells: 7/11 levels left

rFire   + . .        g - +1 short sword (heavy)
rCold   + . .        (no shield)
rNeg    . . .        i - +0 leather armour
rPois   +            (no helmet)
rElec   +            (no cloak)
rCorr   +            (no gloves)
SInv    .            (no boots)
Will    .....        (no amulet)
Stlth   ++           (no ring)
HPRegen 0.24/turn    (no ring)
MPRegen 0.13/turn

%: no passive effects
@: brilliant, resistant
A: no striking features
a: Renounce Religion


You were on level 3 of the Dungeon.
You worshipped Ashenzari.
Ashenzari was noncommittal.
You visited 1 branch of the dungeon, and saw 3 of its levels.

You collected 144 gold pieces.

Inventory:

Hand Weapons
 d - a +0 dagger
 g - a +1 heavy short sword (weapon)
 m - a +0 hammer
Armour
 a - a +0 robe
 i - a +0 leather armour (worn)
Scrolls
 c - 4 scrolls of amnesia
Potions
 b - a potion of brilliance
 e - a potion of degeneration
 l - 4 potions of curing


   Skills:
 + Level 3.5 Dodging
 + Level 3.6 Stealth
 + Level 4.1 Spellcasting
 + Level 5.4 Necromancy


You had 7 spell levels left.
You knew the following spells:

 Your Spells              Type           Power      Damage    Failure   Level
a - Necrotise             Necr           100%       1d9       1%          1
b - Vampiric Draining     Necr           42%        2d9       6%          3

Your spell library contained the following spells:

 Spells                   Type           Power      Damage    Failure   Level
 Animate Dead             Necr           42%        N/A       21%         4
 Agony                    Necr           42%        N/A       50%         5


Dungeon Overview and Level Annotations

Branches:
Dungeon (3/15)

Altars:
Ashenzari
Makhleb

Annotations:
D:2 1 runed translucent door, Crazy Yiuf


Message History

It is a scroll of brand weapon.
Your +1 short sword becomes incredibly heavy!
g - a +1 heavy short sword (weapon)
Grinder gestures at you.
You barely resist.
Unknown command.
You feel much better. Grinder gestures at you.
You shrug off the repeated paralysis!
Unknown command.
You completely miss Grinder. Grinder closely misses you.
Unknown command.
Okay, then.
It was a potion of resistance.
You feel protected. Grinder hits you.
You writhe in agony.
You closely miss Grinder. Grinder misses you. Grinder hits you.
You barely miss Grinder. Grinder hits you!
You writhe in agony.
* * * LOW HITPOINT WARNING * * *
You feel much better. Grinder hits you.
You writhe in agony.
Unknown command.
You closely miss Grinder. Grinder gestures at you.
You barely resist. Grinder barely misses you.
You puncture Grinder!
Flame seeps out of Grinder.
Grinder is moderately wounded.
Grinder is engulfed in blazing flames.
Flame seeps out of Grinder.
Grinder barely misses you.
You hit Grinder but do no damage.
Grinder is heavily wounded.
Grinder is engulfed in blazing flames.
Flame seeps out of Grinder.
Grinder gestures at you. Pain shoots through your body!
Ouch! That really hurt!
* * * LOW HITPOINT WARNING * * *
Grinder is engulfed in blazing flames.
Grinder explodes!
The fiery explosion engulfs you! You resist.
Ouch! That really hurt!
You die...

#..# #....#
#..#########....## #.#
#................##.#.#
#.#####.##............#
#.# #.##.....$.##.###
#.# #.####^....##.# ..#
#.# #...§§§..# ### #.#
##.#§°§### #.# #
#.#.@.# #...# #.#...#
#. #.#..... #.
#.##..### #. #.##..#
##. .. #..# #.## ...#
#..# ##.# #.#.# # ####


There were no monsters in sight!

Vanquished Creatures
  Grinder (D:3)
  4 adders
  A worm (D:2)
  A dart slug (D:1)
  2 ball pythons
  2 endoplasms
  A giant cockroach (D:1)
  6 goblins
  8 hobgoblins
  8 jackals
  2 kobolds (D:1)
  A quokka (D:1)
  3 bats
  2 frilled lizards (D:3)
  5 rats
47 creatures vanquished.

Vanquished Creatures (collateral kills)
  A hobgoblin (D:1)
  A kobold (D:2)
  2 rats (D:1)
4 creatures vanquished.

Grand Total: 51 creatures vanquished

Notes
Turn   | Place    | Note
-------+----------+-------------------------------------------
     0 | D:1      | Zonian the Deep Elf Necromancer began the quest for the
                  | Orb.
     0 | D:1      | Reached XP level 1. HP: 10/10 MP: 6/6
    94 | D:1      | Reached skill level 5 in Necromancy
    94 | D:1      | Reached XP level 2. HP: 13/15 MP: 4/8
   752 | D:1      | Reached XP level 3. HP: 19/19 MP: 10/10
   770 | D:1      | Learned a level 3 spell: Vampiric Draining
  1204 | D:2      | Found a runed translucent door.
  1205 | D:2      | Noticed Crazy Yiuf
  1490 | D:2      | Reached XP level 4. HP: 22/24 MP: 8/11
  2107 | D:3      | Noticed Grinder
  2186 | D:3      | Found a broken altar of Ashenzari.
  2201 | D:3      | Became a worshipper of Ashenzari the Shackled
  2243 | D:3      | Found a burning altar of Makhleb.
  2381 | D:3      | Paralysed by Grinder for 2 turns
  2385 | D:3      | Paralysed by Grinder for 3 turns
  2398 | D:3      | Killed Grinder
  2398 | D:3      | Killed by an exploding Grinder... ignited by their inner
                  | flame

Illustrated notes

Levels and vault maps discovered:
D:1:      lemuel_arrival_cross, layout_basic, minmay_tromino_i2
D:2:      layout_loops_ring, uniq_crazy_yiuf_cottage
D:3:      minmay_chambers_of_threes, layout_loops_ring, old_standard_altar,
          mainiacjoe_overflow_cross_hatched, uniq_grinder

Skill      XL: |  1  2  3  4 |
---------------+-------------+-----
Necromancy     | 5 |  5.4
Stealth        | 3 |  3.6
Dodging        | 3 |  3.5
Spellcasting   | 4 |  4.1

Action                     |  1- 3 |  4- 6 || total
---------------------------+-------+-------++-------
  Melee: Dagger            |    44 |       ||    44
         Short sword       |    29 |    36 ||    65
         Punch             |     1 |       ||     1
   Cast: Necrotise         |    37 |    15 ||    52
    Use: Potion            |     1 |     4 ||     5
         Scroll            |     2 |     8 ||    10
   Stab: Sleeping          |     2 |     4 ||     6
 Armour: Robe              |     7 |       ||     7
         Leather armour    |     8 |     6 ||    14
  Dodge: Dodged            |    74 |    19 ||    93

Table legend: (Time is in decaauts)
 A = Elapsed time spent in this place.
 B = Non-inter-level travel time spent in this place.
 C = Inter-level travel time spent in this place.
 D = Time resting spent in this place.
 E = Time spent auto-exploring this place.
 F = Levels seen in this place.
 G = Mean time per level.
                   A        B        C        D        E       F      G
               +--------+--------+--------+--------+--------+-----+--------+
         Total |   2479 |   2367 |    112 |    110 |   1395 |   3 |  826.3 |
       Dungeon |   2479 |   2367 |    112 |    110 |   1395 |   3 |  826.3 |
               +--------+--------+--------+--------+--------+-----+--------+

Top non-repeatable levels by time:
     D:1: 1071 daAuts
     D:2: 1057 daAuts
     D:3: 350 daAuts
